AoeStats
← Sanzana1

Arena

508316527Analyzed
2v2 RM · 10d ago on Sep 21, 2026· 60m 46s· 4 players
Game mode
Random Map
Map size
Medium (4 player)
Population
200
Speed
Normal
Resources
Standard
Victory
Conquest
Starting age
Dark Age
Ending age
Imperial Age
RankedLock teamsTeams togetherTeam positionsShared explorationLock speedFull tech treeHidden civsTurbo modeCheats
Victory
Defeat
🇨🇱 Goths · Chile
702
+6
🇨🇱 Britons · Chile
625
+8
🇺🇸 Byzantines · United States
473
-8
🇺🇸 Persians · United States
415
-6
KanakaMaoli2267
0:30 Loom
11:19 Feudal Age
13:16 Wheelbarrow
12:47 Double-Bit Axe
15:41 Horse Collar
15:59 Town Watch
17:15 Gold Mining
18:34 Stone Mining
26:04 Castle Age
25:21 Arson
24:59 Man-at-Arms
27:09 Fletching
27:34 Bow Saw
28:56 Kamandaran
29:39 Ballistics
29:16 Murder Holes
29:36 Masonry
29:42 Scale Mail Armor
30:30 Squires
31:22 Gambesons
35:59 Hand Cart
37:07 Fervor
41:05 Imperial Age
39:25 Heavy Plow
39:37 Scale Barding Armor
39:43 Forging
39:36 Padded Archer Armor
41:44 Conscription
43:55 Thumb Ring
Trumpie23
11:01 Feudal Age
11:50 Double-Bit Axe
11:48 Horse Collar
21:02 Castle Age
19:41 Forging
19:21 Fletching
25:35 Elite Skirmisher
26:22 Scale Mail Armor
29:08 Pikeman
33:57 Imperial Age
34:48 Loom
36:49 Guard Tower
37:10 Fortified Wall
45:27 Padded Archer Armor
48:18 Halberdier
49:56 Treadmill Crane
53:26 Bodkin Arrow
54:06 Iron Casting
55:45 Keep
55:31 Ballistics
55:50 Heavy Plow
Sanzana1
7:08 Loom
9:57 Feudal Age
11:14 Wheelbarrow
10:26 Double-Bit Axe
10:22 Horse Collar
10:34 Gold Mining
16:00 Stone Mining
23:19 Castle Age
21:54 Scale Mail Armor
21:54 Padded Archer Armor
23:42 Crossbowman
23:50 Pikeman
24:49 Leather Archer Armor
24:25 Fletching
25:45 Gold Shaft Mining
25:14 Heavy Plow
27:31 Bow Saw
31:06 Hand Cart
37:16 Imperial Age
37:20 Chain Mail Armor
37:16 Forging
37:33 Ballistics
39:24 Chemistry
38:03 Halberdier
39:15 Capped Ram
44:11 Warwolf
43:32 Elite Longbowman
45:39 Arbalester
46:56 Ring Archer Armor
46:21 Bodkin Arrow
46:37 Forging
46:57 Plate Mail Armor
48:31 Elite Longbowman
50:35 Yeomen
52:19 Onager
Seba013009
3:14 Loom
14:06 Feudal Age
16:39 Double-Bit Axe
20:23 Wheelbarrow
22:36 Man-at-Arms
23:51 Horse Collar
29:18 Castle Age
28:33 Forging
28:24 Scale Mail Armor
28:30 Scale Barding Armor
30:24 Long Swordsman
33:59 Iron Casting
33:41 Chain Mail Armor
34:37 Anarchy
35:17 Hand Cart
37:16 Chain Barding Armor
43:01 Imperial Age
40:46 Crossbowman
50:37 Elite Huskarl
53:34 Two-Handed Swordsman
Connection lost

Rejoining the realm…

Still unreachable

The connection could not be restored.

Session expired

The server has moved on; the page needs a fresh start.